 Dungeon Crawl Stone Soup version 0.20-a0-494-gf50ee04 (webtiles) character file.

18 rageheart7 the Skirmisher (level 2, -1/22 HPs)
             Began as a Demonspawn Wanderer on Jan 18, 2017.
             Killed from afar by an orc wizard (8 damage)
             ... with a puff of frost
             ... on level 4 of the Dungeon.
             The game lasted 00:02:44 (1039 turns).

rageheart7 the Skirmisher (Demonspawn Wanderer)     Turns: 1039, Time: 00:02:44

Health: -1/22      AC:  2    Str: 12    XL:     2   Next: 48%
Magic:  0/4        EV: 12    Int: 12    God:
Gold:   42         SH:  0    Dex: 13    Spells: 3/4 levels left

rFire    . . .     SeeInvis .   e - +0 dagger
rCold    . . .     Gourm    .   d - +0 robe
rNeg     . . .     Faith    .   (no shield)
rPois    .         Spirit   .   (no helmet)
rElec    .         Reflect  .   (no cloak)
rCorr    .         Harm     .   (no gloves)
MR       .....                  (no boots)
Stlth    ++........             (no amulet)
Regen    0.1/turn               (no ring)
                                (no ring)

@: very slightly contaminated
A: talons 1
a: no special abilities


You were on level 4 of the Dungeon.
You were not hungry.

You visited 1 branch of the dungeon, and saw 3 of its levels.

You collected 42 gold pieces.

Inventory:

Hand Weapons
 e - a +0 dagger (weapon)
Armour
 d - a +0 robe (worn)
Jewellery
 l - a cursed ring of teleportation {unknown}
Scrolls
 h - a scroll of blinking {unknown}
 k - a scroll of remove curse {unknown}
 m - 3 scrolls of fog {unknown}
 p - a scroll of enchant armour {unknown}
Potions
 b - 2 potions of curing
 n - a potion of heal wounds {unknown}
 o - a potion of might {unknown}
Books
 a - a Young Poisoner's Handbook

   Spells                             Type                      Level
   a - Sting                          Conjuration/Poison           1
   b - Poisonous Vapours              Poison/Air                   2
   c - Mephitic Cloud                 Conjuration/Poison/Air       3
   d - Olgreb's Toxic Radiance        Poison                       4
   e - Venom Bolt                     Conjuration/Poison           5
 c - the Volume of Sinister Magic

   Spells                             Type                      Level
   a - Animate Skeleton               Necromancy                   1
   b - Regeneration                   Charms/Necromancy            3
Comestibles
 f - a bread ration
 g - 4 chunks of flesh
 i - 3 fruits


   Skills:
 - Level 2.0 Fighting
 - Level 0.3 Short Blades
 - Level 1.0 Dodging
 - Level 1.0 Stealth
   Level 1.0 Shields
 - Level 1.0 Unarmed Combat
 + Level 1.5 Spellcasting
 - Level 0.2 Conjurations
   Level 1.1 Necromancy
 * Level 1.8 Poison Magic
   Level 1.0 Evocations


You had 3 spell levels left.
You knew the following spells:

 Your Spells              Type           Power        Failure   Level  Hunger
a - Sting                 Conj/Pois      #...         21%         1    ##.....


Dungeon Overview and Level Annotations

Branches:
Dungeon (2/15)

Altars:


Innate Abilities, Weirdness & Mutations

You have sharp toenails.


Message History

The sting hits the orc wizard.
The orc wizard appears unharmed.
The orc wizard is lightly wounded.
The orc wizard closely misses you.
Casting: Sting
Confirm with . or Enter, or press ? or * to list all spells.
Aiming: Sting
Press: ? - help, Shift-Dir - straight line, f/p - orc wizard
Aim: an orc wizard, wielding a dagger and wearing a robe (lightly wounded)
The sting misses the orc wizard.
The orc wizard hits you but does no damage.
Casting: Sting
Confirm with . or Enter, or press ? or * to list all spells.
Aiming: Sting
Press: ? - help, Shift-Dir - straight line, f/p - orc wizard
Aim: an orc wizard, wielding a dagger and wearing a robe (lightly wounded)
The sting hits the orc wizard.
The orc wizard is poisoned.
The orc wizard is moderately wounded.
The orc wizard gestures at you while chanting.
The puff of frost hits you!
You die...

## ..# #.# ###.# ....#
....#
....################
....'.).......{o@.>#
....##########o########
#.......# #..........
#.).....# #..########
#.......# #..#
o.......# #..#
........# #..#
#.......# #..#
#>......# #..#


You could see 2 orc wizards.

Vanquished Creatures
  A leopard gecko (D:1)
  2 orcs (D:4)
  A giant cockroach (D:1)
  A goblin (D:1)
  A hobgoblin (D:1)
  A bat (D:1)
  A frilled lizard (D:1)
  3 kobolds (D:1)
  5 rats (D:1)
16 creatures vanquished.

Notes
Turn   | Place    | Note
-------+----------+-------------------------------------------
     0 | D:1      | rageheart7 the Demonspawn Wanderer began the quest for the Orb.
     0 | D:1      | rageheart7 set off with: a Young Poisoner's Handbook, a potion of curing, the Volume of Sinister Magic, a +0 robe, a +0 dagger, a bread ration
     0 | D:1      | Reached XP level 1. HP: 16/16 MP: 2/2
     0 | D:1      | Identified the Volume of Sinister Magic
     2 | D:1      | Learned a level 1 spell: Sting
   314 | D:1      | Gained mutation: You have sharp toenails. [demonic ancestry]
   314 | D:1      | Reached XP level 2. HP: 9/22 MP: 0/4
   975 | D:2      | You fall through a shaft for 2 floors!
  1039 | D:4      | Killed from afar by an orc wizard

Vault maps used:
D:1:      minmay_arrival_up_and_down
D:2:      ashenzari_altar_1
D:4:      lemuel_crystal_altar, first_bread, wad_floor_pattern_untrapped,
          uniq_natasha

Action                   || total
-------------------------++-------
Melee: Dagger            ||    59
       Kick              ||     6
 Cast: Sting             ||    14
  Use: Potion            ||     1
  Eat: Chunk             ||     1
Armor: Robe              ||    16
Dodge: Dodged            ||    47
